 Dungeon Crawl Stone Soup version 0.31.0-2-g5a2aebc5c2 (webtiles) character file.

Game seed: 8007184119781324319

7522 Laraso the Grappler (level 10, -12/88 HPs)
             Began as a Troll Fighter on Jan 20, 2024.
             Was a High Priest of Okawaru.
             Mangled by an orc knight
             ... wielding a +0 war axe
              (21 damage)
             ... on level 8 of the Dungeon.
             The game lasted 00:10:00 (5230 turns).

Laraso the Grappler (Troll Fighter)                 Turns: 5230, Time: 00:10:01

Health: -12/88     AC:  4    Str: 30      XL:     10   Next: 95%
Magic:  14/14      EV:  9    Int:  4      God:    Okawaru [*****.]
Gold:   342        SH:  7    Dex:  8 (9)  Spells: 9/9 levels left

rFire   . .          .
                       - Unarmed
rCold   . . .        b - +0 kite shield
rNeg    . . .        a - +0 robe
rPois   .            (helmet restricted)
rElec   .            (no cloak)
rCorr   .            (gloves unavailable)
SInv    .            (boots unavailable)
Will    .....        (no amulet)
Stlth   +            (no ring)
HPRegen 1.14/turn    (no ring)
MPRegen 0.14/turn

%: no passive effects
@: mighty
A: large, unfitting armour, claws 3, regeneration 1, shaggy fur 1, tough skin 1,
deterioration 1, screaming 1, inability to read after injury 1
a: Renounce Religion, Heroism, Finesse, Duel


You were on level 8 of the Dungeon.
You worshipped Okawaru.
Okawaru was extremely pleased with you.
You visited 2 branches of the dungeon, and saw 9 of its levels.
You also visited: Sewer.

You collected 342 gold pieces.

Inventory:

Armour
 a - a +0 robe (worn)
 b - a +0 kite shield (worn)
Wands
 j - a wand of charming (4)
 u - a wand of roots (7)
 A - a wand of flame (15)
Scrolls
 e - 3 scrolls of fear
 f - a scroll of noise {unknown}
 g - 4 scrolls of amnesia
 h - 2 scrolls of teleportation
 i - 2 scrolls of butterflies
 n - 2 scrolls of vulnerability {unknown}
 p - a scroll of brand weapon {unknown}
 r - 2 scrolls of revelation {unknown}
 v - 4 scrolls of enchant armour
 y - 2 scrolls of enchant weapon {unknown}
 B - a scroll of poison {unknown}
Potions
 c - a potion of might
 k - a potion of cancellation {unknown}
 l - 4 potions of resistance {unknown}
 m - a potion of haste {unknown}
 o - a potion of heal wounds {unknown}
 q - a potion of invisibility {unknown}
 s - a potion of degeneration {unknown}
 t - a potion of attraction {unknown}
 w - 3 potions of brilliance {unknown}
 x - 4 potions of curing {unknown}
 z - a potion of enlightenment {unknown}


   Skills:
 - Level 2.4 Fighting
 - Level 2.4 Dodging
 - Level 2.6 Shields
 * Level 14.9 Unarmed Combat
 - Level 7.0 Invocations


You had 9 spell levels left.
You didn't know any spells.
Your spell library contained the following spells:

 Spells                   Type           Power      Damage    Failure   Level
 Kiss of Death            Conj/Necr      0%         2d5       73%         1
 Confusing Touch          Hex            0%         N/A       97%         3
 Hailstorm                Conj/Ice       0%         3d5       97%         3
 Dispel Undead            Necr           0%         3d6       100%        4
 Summon Ice Beast         Ice/Summ       Unusable   N/A       N/A         3
 Sculpt Simulacrum        Ice/Alch       Unusable   N/A       N/A         6

Dungeon Overview and Level Annotations

Branches:
Dungeon (8/15)             Temple (1/1) D:5           Sewer (visited)
   Lair: D:8-11

Altars:
Cheibriados
Dithmenos
Elyvilon
Fedhas
Gozag
Hepliaklqana
Kikubaaqudgha
Makhleb
Nemelex Xobeh
Okawaru
Qazlal
Ru
Sif Muna
Trog
Uskayaw
Vehumet
Wu Jian
Xom
Yredelemnul
Zin
The Shining One

Shops:
D:6 [

Annotations:
D:8 1 runed translucent door, SnakkuSnakku7's ghost, novice FoCA


Innate Abilities, Weirdness & Mutations

You are too large for most types of armour.
You have claws for hands.
Your natural rate of healing is unusually fast.
You are covered in fur. (AC +1)
You have tough skin. (AC +1)
Your body sometimes deteriorates upon taking damage.
You occasionally shout uncontrollably at your foes.
You occasionally lose the ability to read scrolls when taking damage.


Message History

The deep elf pyromancer is moderately wounded.
You mangle the deep elf pyromancer!!
The deep elf pyromancer is severely wounded.
The deep elf pyromancer barely misses you.
You mangle the deep elf pyromancer!!
You kill the deep elf pyromancer!
Okawaru is honoured by your kill. Okawaru grants you throwing weapons!
Something appears at your feet!
You scratch the orc knight but do no damage.
You feel like a meek peon again.
You barely miss the orc knight.
The orc knight hits you with a +0 war axe!
You barely miss the orc knight.
The orc knight hits you with a +0 war axe!
* * * LOW HITPOINT WARNING * * *
You claw the orc knight!
The orc knight is lightly wounded.
The orc knight hits you with a +0 war axe.
* * * LOW HITPOINT WARNING * * *
You claw the orc knight!
The orc knight is moderately wounded.
You block the orc knight's attack.
You claw the orc knight!
The orc knight is heavily wounded.
The orc knight hits you with a +0 war axe!!
* * * LOW HITPOINT WARNING * * *
Your body deteriorates!
You feel clumsy.
You barely miss the orc knight.
The orc knight is heavily wounded.
You are too injured to fight recklessly!
You feel very mighty all of a sudden. The orc knight barely misses you.
You claw the orc knight!
The orc knight is severely wounded.
The orc knight closely misses you.
You claw the orc knight!
The orc knight is almost dead.
The orc knight hits you with a +0 war axe!!
You die...

#.....# .. ####.....# #..
#........##..#
#####...)....#...
######)}##........#.#
#...##}).#...###....#
#.##.#)))#..........#.#
#.###o####...###......#
##.###@###...# #.######
###...###.##...# #.#
#..)#..##.##...###.#
#.#...#...#######..#
#.######### ##...##
#..###### #..### ######
#.......######.##
.....####.#####.......^#
.#
#......#####..############


You could see an orc knight.

Vanquished Creatures
  A centaur warrior (D:8)
  An occultist (D:8)
  Pikel (D:7)
  An orc knight (D:8)
  2 deep elf pyromancers (D:8)
  A yaktaur (D:8)
  A komodo dragon (shapeshifter) (D:8)
  Sigmund (D:2)
  A wyvern (D:7)
  6 yaks
  Eustachio (D:5)
  Menkaure (D:4)
  A water moccasin (D:7)
  3 ice beasts
  2 sky beasts
  An ogre (D:6)
  2 black bears (D:7)
  An orc warrior (D:7)
  2 centaurs
  A lemure (D:7)
  4 kobold brigands
  A bullfrog (D:7)
  2 bombardier beetles
  3 howler monkeys
  3 jellies
  3 gnoll boudas
  3 orc priests
  6 hounds
  A sleepcap (D:6)
  7 orc wizards
  7 iguanas
  13 gnolls
  9 adders
  A shadow imp (D:7)
  A white imp (D:7)
  3 ribbon worms
  3 dart slugs
  18 orcs
  5 bats
  6 endoplasms
  4 giant cockroaches
  A goblin (D:2)
  5 hobgoblins
  A jackal (D:2)
  3 quokkas
  5 ball pythons
  2 frilled lizards
  27 kobolds
  6 rats
184 creatures vanquished.

Notes
Turn   | Place    | Note
-------+----------+-------------------------------------------
     0 | D:1      | Laraso the Troll Fighter began the quest for the Orb.
     0 | D:1      | Reached XP level 1. HP: 22/22 MP: 0/0
    35 | D:1      | You fall into a shaft and drop 1 floor!
    86 | D:2      | Reached XP level 2. HP: 26/29 MP: 1/1
    87 | D:2      | Reached skill level 3 in Unarmed Combat
   252 | D:2      | Reached XP level 3. HP: 36/36 MP: 2/2
   412 | D:2      | Reached skill level 4 in Unarmed Combat
   491 | D:2      | Noticed Sigmund
   496 | D:2      | Killed Sigmund
   497 | D:2      | Reached skill level 5 in Unarmed Combat
   497 | D:2      | Reached XP level 4. HP: 44/44 MP: 3/3
   497 | D:2      | Reached XP level 5. HP: 50/50 MP: 4/4
   761 | D:3      | Reached skill level 6 in Unarmed Combat
  1389 | D:4      | Reached XP level 6. HP: 43/59 MP: 5/5
  1590 | D:4      | Reached skill level 7 in Unarmed Combat
  1639 | D:4      | Found a glowing drain.
  1653 | Sewer    | Entered a sewer
  2078 | D:4      | Noticed Menkaure
  2084 | D:4      | Killed Menkaure
  2085 | D:4      | Reached skill level 8 in Unarmed Combat
  2085 | D:4      | Reached XP level 7. HP: 42/66 MP: 6/6
  2203 | D:4      | Identified the +7 whip of Wudgh {freeze, rCorr MP-9 Int+5
                  | Stlth+}
  2450 | D:5      | Entered Level 5 of the Dungeon
  2528 | D:5      | Found a staircase to the Ecumenical Temple.
  2553 | Temple   | Entered the Ecumenical Temple
  2566 | Temple   | Became a worshipper of Warmaster Okawaru
  2597 | D:5      | Reached skill level 9 in Unarmed Combat
  2714 | D:5      | Noticed Eustachio
  2727 | D:5      | Killed Eustachio
  2730 | D:5      | Reached XP level 8. HP: 52/74 MP: 7/7
  2802 | D:5      | Reached skill level 10 in Unarmed Combat
  3133 | D:5      | Reached * piety under Okawaru
  3194 | D:6      | Found a blossoming altar of Fedhas.
  3284 | D:6      | Reached skill level 11 in Unarmed Combat
  3349 | D:6      | Found a shadowy altar of Dithmenos.
  3639 | D:6      | Found Bahram Gur's Dragon-Slaying Spoils.
  3763 | D:6      | Reached ** piety under Okawaru
  3789 | D:6      | Reached XP level 9. HP: 57/80 MP: 8/8
  3797 | D:6      | Reached skill level 12 in Unarmed Combat
  3891 | D:6      | Found a blossoming altar of Fedhas.
  4286 | D:7      | Noticed Pikel
  4306 | D:7      | Killed Pikel
  4307 | D:7      | Reached skill level 13 in Unarmed Combat
  4347 | D:7      | Found a shimmering altar of Xom.
  4447 | D:7      | Reached skill level 1 in Invocations
  4581 | D:7      | Reached *** piety under Okawaru
  4715 | D:7      | Gained mutation: You have hidden genetic potential. [potion
                  | of mutation]
  4715 | D:7      | Gained mutation: Your body sometimes deteriorates upon
                  | taking damage. [potion of mutation]
  4715 | D:7      | Gained mutation: You occasionally lose the ability to read
                  | scrolls when taking damage. [potion of mutation]
  4716 | D:7      | Lost mutation: You have hidden genetic potential. [potion
                  | of mutation]
  4716 | D:7      | Lost mutation: You occasionally lose the ability to read
                  | scrolls when taking damage. [potion of mutation]
  4716 | D:7      | Gained mutation: You are vulnerable to cold. (rC-) [potion
                  | of mutation]
  4716 | D:7      | Gained mutation: You are strong-willed. (Will+) [potion of
                  | mutation]
  4717 | D:7      | Lost mutation: Your body sometimes deteriorates upon taking
                  | damage. [potion of mutation]
  4717 | D:7      | Lost mutation: You are strong-willed. (Will+) [potion of
                  | mutation]
  4717 | D:7      | Lost mutation: You are vulnerable to cold. (rC-) [potion of
                  | mutation]
  4717 | D:7      | Gained mutation: You have a pair of small horns on your
                  | head. [potion of mutation]
  4717 | D:7      | Gained mutation: You are clumsy. (Dex -2) [potion of
                  | mutation]
  4718 | D:7      | Lost mutation: You have a pair of small horns on your head.
                  | [potion of mutation]
  4718 | D:7      | Lost mutation: You are clumsy. (Dex -2) [potion of
                  | mutation]
  4718 | D:7      | Gained mutation: You are dopey. (Int -2) [potion of
                  | mutation]
  4718 | D:7      | Gained mutation: You occasionally shout uncontrollably at
                  | your foes. [potion of mutation]
  4719 | D:7      | Lost mutation: You are dopey. (Int -2) [potion of mutation]
  4719 | D:7      | Lost mutation: You occasionally shout uncontrollably at
                  | your foes. [potion of mutation]
  4719 | D:7      | Gained mutation: You occasionally shout uncontrollably at
                  | your foes. [potion of mutation]
  4719 | D:7      | Gained mutation: You have hidden genetic defects. [potion
                  | of mutation]
  4720 | D:7      | Upgraded the game from 0.31.0 to 0.31.0-2-g5a2aebc5c2
  4818 | D:7      | Reached XP level 10. HP: 40/88 MP: 10/12
  4832 | D:7      | Reached skill level 5 in Invocations
  4845 | D:7      | Gained mutation: Your body sometimes deteriorates upon
                  | taking damage. [hidden defects]
  4907 | D:8      | Noticed SnakkuSnakku7's ghost (novice FoCA)
  4959 | D:8      | Noticed an occultist
  4959 | D:8      | Noticed a cane toad
  4960 | D:8      | Found a runed translucent door.
  4962 | D:8      | Noticed a deep elf pyromancer
  4962 | D:8      | Noticed an orc knight
  4962 | D:8      | Noticed an orc knight
  4962 | D:8      | Noticed a deep elf pyromancer
  4962 | D:8      | Noticed a centaur warrior
  5044 | D:8      | Found a runed translucent door.
  5185 | D:8      | Killed a centaur warrior
  5185 | D:8      | Reached **** piety under Okawaru
  5189 | D:8      | Gained mutation: You occasionally lose the ability to read
                  | scrolls when taking damage. [hidden defects]
  5189 | D:8      | Lost mutation: You have hidden genetic defects. [hidden
                  | defects expressed]
  5198 | D:8      | Killed an orc knight
  5203 | D:8      | Killed an occultist
  5203 | D:8      | Reached ***** piety under Okawaru
  5204 | D:8      | Reached skill level 14 in Unarmed Combat
  5210 | D:8      | Killed a deep elf pyromancer
  5220 | D:8      | Killed a deep elf pyromancer
  5220 | D:8      | Received a gift from Okawaru
  5230 | D:8      | Mangled by an orc knight

Illustrated notes

Levels and vault maps discovered:
D:1:      erik_arrival_triangle_huge, layout_basic,
          ebering_ecumenical_altar_abandoned, minivault_27
D:2:      minmay_chambers_of_ones, layout_loops_cross, uniq_sigmund
D:3:      layout_loops_ring
D:4:      layout_basic, portal_sewer_entry_d, minivault_11, uniq_menkaure
D:5:      layout_rooms, minmay_temple_entry_glass, uniq_eustachio
D:6:      layout_loops_ring, lemuel_coloured_pillars_altar,
          nicolae_shop_dragon_depot, hangedman_feature_mirror,
          skrybe_limestone_x
D:7:      layout_basic, xom_butterflies, serial_glass, glass_columns_a,
          glass_columns_b, due_unseen_surprise, minmay_strange_pillars,
          uniq_pikel
D:8:      minmay_gate_of_8, layout_basic, hellmonk_ghost_big_iron
Temple:   hellmonk_temple_of_storms

Skill      XL: |  1  2  3  4  5  6  7  8  9 10 |
---------------+-------------------------------+-----
Unarmed Combat | 3 5 6 8 9 11 13 14 | 14.9
Invocations    | 4 7 |  7.0
Fighting       | |  2.4
Dodging        | |  2.4
Shields        | |  2.6

Action                     |  1- 3 |  4- 6 |  7- 9 | 10-12 || total
---------------------------+-------+-------+-------+-------++-------
  Melee: Unarmed           |    56 |   126 |   294 |    74 ||   550
 Invoke: Heroism           |       |       |       |     1 ||     1
    Use: Scroll            |       |     3 |     4 |       ||     7
         Potion            |       |       |     5 |     1 ||     6
   Stab: Sleeping          |     1 |       |     1 |       ||     2
 Armour: Robe              |    24 |    69 |   143 |    28 ||   264
  Dodge: Dodged            |     9 |    42 |    84 |    15 ||   150
  Block: Kite shield       |    12 |    51 |    77 |    12 ||   152
